 Dungeon Crawl Stone Soup version 0.29-a0-193-ga21e45360d (webtiles) character file.

Game seed: 8368328124626816220

35205 goofmuffin the Impaler (level 13, 0/96 HPs)
             Began as a Minotaur Berserker on Feb 22, 2022.
             Was a High Priest of Trog.
             Slain by a hornet (2 damage)
             ... while petrified by a basilisk
             ... on level 5 of the Lair of Beasts.
             The game lasted 01:29:46 (21413 turns).

goofmuffin the Impaler (Minotaur Berserker)        Turns: 21413, Time: 01:29:46

Health: 0/96       AC: 19    Str: 26    XL:     13   Next: 46%
Magic:  12/12      EV:  2    Int:  4    God:    Trog [*****.]
Gold:   970        SH:  0    Dex: 11    Spells: 12/12 levels left

rFire   . . .      SeeInvis .   Q - +2 glaive (vorpal)
rCold   . . .      Faith    .   (shield currently unavailable)
rNeg    + + +      Spirit   .   g - +0 plate armour
rPois   ∞          Reflect  .   (helmet restricted)
rElec   .          Harm     .   j - +1 cloak {rPois}
rCorr   .          Rampage  .   l - +0 pair of gloves
Will    ++...                   (no boots)
Stlth   ..........              (no amulet)
HPRegen 1.26/turn               I - +4 ring of slaying
MPRegen 0.13/turn               L - +4 ring of slaying

@: petrified, strong-willed, regenerating, studying Staves
A: horns 2, retaliatory headbutt
a: Renounce Religion, Berserk, Trog's Hand, Brothers in Arms


You were on level 5 of the Lair of Beasts.
You worshipped Trog.
Trog was extremely pleased with you.
You visited 3 branches of the dungeon, and saw 17 of its levels.

You collected 970 gold pieces.

Inventory:

Hand Weapons
 a - a +2 trident of flaming
 Q - a +2 vorpal glaive (weapon)
Missiles
 e - 40 poisoned darts (quivered)
 K - 4 datura-tipped darts
 N - a throwing net
Armour
 f - a scarf of resistance
 g - a +0 plate armour (worn)
 j - a +1 cloak of poison resistance (worn)
 l - a +0 pair of gloves (worn)
 n - a +1 scale mail of positive energy
 G - a +0 kite shield
Jewellery
 b - the ring of Uskayaw's Supremacy {rN+ rCorr Str-5 Int-2 SInv}
   (You found it on level 6 of the Dungeon)

   [ring of positive energy]

   Str:       It affects your strength (-5).
   Int:       It affects your intelligence (-2).
   rN:        It protects you from negative energy.
   SInv:      It lets you see invisible.
   rCorr:     It protects you from acid and corrosion.
 o - a ring of flight
 q - a ring of willpower
 s - a ring of protection from fire
 I - a +4 ring of slaying (left hand)
 L - a +4 ring of slaying (right hand)
Wands
 r - a wand of acid (3)
 u - a wand of digging (12)
 w - a wand of flame (21)
 y - a wand of polymorph (13)
 F - a wand of charming (5)
 P - a wand of paralysis (3)
Scrolls
 d - a scroll of teleportation
 i - 2 scrolls of holy word
 k - 2 scrolls of immolation
 m - 3 scrolls of fog
 A - a scroll of enchant armour
 E - a scroll of blinking
 J - 2 scrolls of identify
 M - a scroll of enchant weapon
 O - a scroll of silence {unknown}
Potions
 c - 9 potions of curing
 h - 2 potions of cancellation
 p - a potion of invisibility
 t - 2 potions of resistance
 v - a potion of flight
 x - a potion of brilliance {unknown}
 z - 2 potions of haste
 B - 2 potions of heal wounds
 C - 3 potions of lignification
 D - a potion of magic {unknown}
 H - a potion of might {unknown}


   Skills:
 - Level 3.8 Fighting
 + Level 18.6 Polearms
 + Level 12.3 Armour
 - Level 2.4 Dodging
 - Level 12.0 Shields
 + Level 9.2 Evocations


You had 12 spell levels left.
You didn't know any spells.
Your spell library was empty.

Dungeon Overview and Level Annotations

Branches:
Dungeon (10/15)            Temple (1/1) D:5            Lair (6/6) D:8
  Swamp (0/4) Lair:2        Snake (0/4) Lair:4        Slime (0/5) Lair:5
    Orc: D:9-12

Altars:
Ashenzari
Cheibriados
Dithmenos
Elyvilon
Fedhas
Gozag
Hepliaklqana
Kikubaaqudgha
Makhleb
Nemelex Xobeh
Okawaru
Qazlal
Ru
Sif Muna
Trog
Uskayaw
Vehumet
Wu Jian
Xom
Yredelemnul
Zin
The Shining One
Beogh
Jiyva

Portals:
Abyss: D:3

Annotations:
D:3 2 transporters, Mictavius's ghost, amateur BaWr
D:6 Pikel
Lair:3 exclusion: downstairs


Innate Abilities, Weirdness & Mutations

You have a pair of horns on your head.
You reflexively headbutt those who attack you in melee.


Message History

You feel much better. The ice encasing you melts away. The hornet stings you!
The komodo dragon barely misses you. The rime drake barely misses you.
You furiously retaliate!
You headbutt the rime drake! The basilisk gazes at you.
You are slowing down.
Your skin crawls.
You feel strong-willed. The hornet stings you!
The rime drake bites you but does no damage.
The hornet stings you.
You feel yourself slow down. The komodo dragon bites you!
The basilisk bites you.
* * * LOW HITPOINT WARNING * * *
The rime drake bites you but does no damage.
The komodo dragon bites you but does no damage.
The hornet stings you but does no damage.
Your limbs are stiffening.
The basilisk bites you but does no damage.
The hornet stings you but does no damage.
The komodo dragon bites you.
* * * LOW HITPOINT WARNING * * *
The basilisk bites you but does no damage.
The hornet stings you but does no damage.
The komodo dragon bites you but does no damage.
You have turned to stone.
You feel yourself speed up. The hornet stings you!
* * * LOW HITPOINT WARNING * * *
The basilisk bites you but does no damage.
The komodo dragon bites you!!
* * * LOW HITPOINT WARNING * * *
The hornet stings you.
* * * LOW HITPOINT WARNING * * *
The basilisk bites you but does no damage.
The hornet stings you but does no damage.
The komodo dragon bites you!
* * * LOW HITPOINT WARNING * * *
The hornet stings you.
You die...

## ##.....# #.#.#..# #
##...## ##.....# #......##
#.......#### #........P.##
## #.....P..lP.### #.#
#.......ky@...##
.#######.#..###lP..#.#####
....#........###.....#...#
.<..##..P...###......'_.>#
.......##.#..###.....#...#
.......###...###....######
.<......#...##...[P##
...#....#..........#
......÷...........##


You could see a komodo dragon, a basilisk, a rime drake and a hornet.

Vanquished Creatures
  A boulder beetle (Lair:5)
  4 hydras
  A two-headed ogre (D:9)
  11 death yaks
  2 bog bodies (Lair:2)
  A black mamba (Lair:3)
  9 elephants
  An unseen horror (D:7)
  6 cane toads
  2 rime drakes
  5 komodo dragons
  2 hornets
  A polar bear (Lair:3)
  16 blink frogs
  7 dream sheep
  Sigmund (D:3)
  28 yaks
  4 wyverns
  A basilisk (Lair:3)
  5 vampire mosquitoes
  2 swamp worms (Lair:2)
  4 nagas (Lair:4)
  2 acid dragons
  10 water moccasins
  5 ice beasts
  Pargi (D:3)
  A sky beast (D:5)
  2 black bears (D:7)
  A necrophage (D:7)
  2 orc warriors
  6 wolves
  2 centaurs
  3 ogres (D:6)
  5 phantoms
  4 lemures (D:7)
  3 kobold brigands
  10 bullfrogs
  A water moccasin zombie (D:5)
  2 gnoll sergeants
  2 scorpions
  2 wyvern skeletons (D:7)
  5 killer bees
  A jelly (D:8)
  5 wights
  A crimson imp (D:5)
  4 centaur zombies
  4 orc priests
  A gnoll shaman (D:8)
  2 iguanas (D:7)
  An orc wizard (D:7)
  6 hell rats (Lair:5)
  A killer bee zombie (D:8)
  7 gnolls
  A howler monkey skeleton (D:5)
  7 adders
  A white imp (D:5)
  2 worms (D:2)
  5 dart slugs
  35 orcs
  7 endoplasms
  5 giant cockroaches
  4 goblins
  5 hobgoblins
  7 jackals
  5 quokkas
  9 ball pythons
  6 bats
  3 frilled lizards
  24 kobolds
  8 rats
350 creatures vanquished.

Vanquished Creatures (others)
  32 fungi
  51 plants
83 creatures vanquished.

Grand Total: 433 creatures vanquished

Notes
Turn   | Place    | Note
-------+----------+-------------------------------------------
     0 | D:1      | goofmuffin the Minotaur Berserker began the quest for the
                  | Orb.
     0 | D:1      | Reached XP level 1. HP: 19/19 MP: 0/0
   196 | D:1      | Reached XP level 2. HP: 27/27 MP: 1/1
   508 | D:1      | Reached skill level 4 in Polearms
   988 | D:1      | Reached XP level 3. HP: 33/33 MP: 2/2
  1385 | D:2      | Reached ** piety under Trog
  1691 | D:2      | Reached skill level 5 in Polearms
  1861 | D:2      | Reached XP level 4. HP: 40/40 MP: 3/3
  2321 | D:3      | Found a transporter.
  2329 | D:3      | Found a transporter.
  2334 | D:3      | Found a one-way gate to the infinite horrors of the Abyss.
  2334 | D:3      | Noticed Mictavius's ghost (amateur BaWr)
  2334 | D:3      | Noticed Pargi
  2352 | D:3      | Found a faded altar of an unknown god.
  2368 | D:3      | Killed Pargi
  2369 | D:3      | Reached skill level 6 in Polearms
  2369 | D:3      | Reached XP level 5. HP: 34/46 MP: 4/4
  2702 | D:3      | Noticed Sigmund
  2721 | D:3      | Killed Sigmund
  2722 | D:3      | Reached skill level 7 in Polearms
  2722 | D:3      | Reached skill level 5 in Armour
  2722 | D:3      | Reached XP level 6. HP: 52/52 MP: 5/5
  2831 | D:3      | Noticed a small abomination
  2891 | D:3      | Reached *** piety under Trog
  3575 | D:5      | Entered Level 5 of the Dungeon
  4012 | D:4      | Reached skill level 8 in Polearms
  4012 | D:4      | Reached XP level 7. HP: 43/58 MP: 6/6
  4442 | D:5      | Reached skill level 9 in Polearms
  4763 | D:5      | Found a staircase to the Ecumenical Temple.
  4775 | D:5      | Reached XP level 8. HP: 55/66 MP: 7/7
  4778 | Temple   | Entered the Ecumenical Temple
  5701 | D:5      | Reached skill level 10 in Polearms
  5750 | D:6      | Identified the ring of Uskayaw's Supremacy {rN+ rCorr Str-5
                  | Int-2 SInv}
  6468 | D:6      | Reached skill level 11 in Polearms
  6669 | D:7      | Noticed a hornet
  6876 | D:6      | Found an iron altar of Okawaru.
  7104 | D:7      | Paralysed by a hornet for 3 turns
  7121 | D:6      | Killed a hornet
  7122 | D:6      | Reached XP level 9. HP: 11/71 MP: 8/8
  7423 | D:7      | Reached skill level 12 in Polearms
  7489 | D:7      | Noticed Pikel
  8442 | D:7      | Noticed an unseen horror
  8466 | D:7      | Killed an unseen horror
  8467 | D:7      | Reached skill level 13 in Polearms
  8745 | D:7      | Reached **** piety under Trog
  9212 | D:8      | Found a staircase to the Lair.
  9258 | D:7      | Reached skill level 10 in Armour
  9436 | D:8      | Reached skill level 14 in Polearms
  9551 | D:8      | Reached skill level 1 in Evocations
  9598 | D:8      | Reached XP level 10. HP: 66/78 MP: 9/9
 10287 | D:8      | Reached skill level 1 in Shields
 11346 | D:9      | Noticed a two-headed ogre
 11691 | D:10     | Entered Level 10 of the Dungeon
 12032 | D:9      | Killed a two-headed ogre
 12033 | D:9      | Reached skill level 15 in Polearms
 12823 | Lair:1   | Entered Level 1 of the Lair of Beasts
 12877 | Lair:1   | Reached XP level 11. HP: 83/83 MP: 10/10
 12883 | Lair:1   | Reached skill level 5 in Shields
 12899 | Lair:1   | Reached skill level 16 in Polearms
 13880 | Lair:1   | Reached skill level 5 in Evocations
 14471 | Lair:2   | Noticed a five-headed hydra
 14508 | Lair:2   | Killed a five-headed hydra
 14590 | Lair:2   | Noticed a bog body
 14602 | Lair:2   | Killed a bog body
 14890 | Lair:2   | Noticed a four-headed hydra
 15205 | Lair:2   | Killed a four-headed hydra
 15584 | Lair:2   | Reached XP level 12. HP: 91/91 MP: 11/11
 15655 | Lair:2   | Found a staircase to the Swamp.
 16073 | Lair:2   | Reached skill level 10 in Shields
 16555 | Lair:3   | Reached skill level 17 in Polearms
 16602 | Lair:3   | Noticed a five-headed hydra
 16621 | Lair:3   | Killed a five-headed hydra
 16730 | Lair:3   | Noticed an eight-headed hydra
 16753 | Lair:3   | Killed an eight-headed hydra
 17939 | Lair:4   | Found a staircase to the Snake Pit.
 19832 | Lair:5   | Found a runed translucent door.
 19835 | Lair:5   | Found a viscous altar of Jiyva.
 19866 | Lair:5   | Noticed a death yak
 19866 | Lair:5   | Noticed a death yak
 19866 | Lair:5   | Noticed a death yak
 19868 | Lair:5   | Noticed a death yak
 19869 | Lair:5   | Noticed a death yak
 19874 | Lair:4   | Killed a death yak
 19882 | Lair:4   | Killed a death yak
 19885 | Lair:4   | Killed a death yak
 19946 | Lair:5   | Killed a death yak
 19949 | Lair:5   | Killed a death yak
 19950 | Lair:5   | Reached skill level 18 in Polearms
 20028 | Lair:5   | Noticed a death yak
 20029 | Lair:5   | Noticed a death yak
 20029 | Lair:5   | Noticed a death yak
 20029 | Lair:5   | Noticed a death yak
 20030 | Lair:5   | Noticed a death yak
 20030 | Lair:5   | Noticed a death yak
 20060 | Lair:4   | Reached XP level 13. HP: 85/96 MP: 12/12
 20388 | Lair:5   | Reached ***** piety under Trog
 21082 | Lair:5   | Received a gift from Trog
 21364 | Lair:5   | Found a staircase to the Slime Pits.
 21393 | Lair:5   | You fall into a shaft and drop 1 floor!
 21393 | Lair:6   | Entered Level 6 of the Lair of Beasts
 21412 | Lair:5   | HP: 1/96 [komodo dragon (7)]
 21413 | Lair:5   | Slain by a hornet

Illustrated notes

Levels and vault maps discovered:
D:1:      mrwooster_arrival_statue_3, layout_basic, chequers_mini_garden,
          minmay_pentomino_r4
D:2:      layout_basic, glass_columns_b
D:3:      layout_basic, gammafunk_ghost_abyssal_escape,
          nicolae_ecumenical_lake_church, uniq_sigmund, uniq_pargi
D:4:      layout_basic
D:5:      layout_basic, minmay_temple_entry_sparse_star,
          nicolae_ossuary_entry_plus, minmay_fire_ice_demons
D:6:      layout_basic, general_overflow_altar, minmay_misc_feat_pillars
D:7:      layout_loops_cross, serial_glass, glass_columns_a, glass_columns_b,
          hangedman_abyss_or_decor_passed, minmay_manual_monstrance, uniq_pikel
D:8:      layout_cave_pools, lair_entry_dummy, special_room [special_room_orc],
          minmay_fountain_box, nrook_uturn
D:9:      layout_basic, glass_columns_a
D:10:     layout_roguey, nicolae_straight_to_the_point
Temple:   mainiacjoe_temple_archimedes_tessellation
Lair:1:   layout_misc_corridors
Lair:2:   layout_chaotic_city, nicolae_swamp_entry_splash_gauntlet,
          grunt_megastairs_2
Lair:3:   layout_long_grid
Lair:4:   layout_regular_city, guppyfry_snake_entry_island
Lair:5:   layout_misc_corridors, slime_altar_2, lemuel_centaur_altar
Lair:6:   gammafunk_lair_ancient_temple, layout_regular_city,
          gauntlet_entry_generic, hangedman_lair_unloving_vines,
          guppyfry_lair_drakes

Skill      XL: |  1  2  3  4  5  6  7  8  9 10 11 12 13 |
---------------+----------------------------------------+-----
Polearms       | 4 5 6 7 8 9 11 14 15 16 18 | 18.6
Armour         | 3 4 5 6 8 10 11 12 | 12.3
Evocations     | 1 4 6 8 9 |  9.2
Shields        | 4 9 12 | 12.0
Fighting       | |  3.8
Dodging        | |  2.4

Action                   |  1- 3 |  4- 6 |  7- 9 | 10-12 | 13-15 || total
-------------------------+-------+-------+-------+-------+-------++-------
Melee: Spear             |   105 |    76 |       |       |       ||   181
       Headbutt          |    17 |    12 |    26 |   110 |    46 ||   211
       Punch             |     1 |       |     1 |       |       ||     2
       Scythe            |       |    53 |   162 |       |       ||   215
       Trident           |       |       |    77 |   481 |   140 ||   698
       Glaive            |       |       |       |       |     6 ||     6
Throw: Dart              |       |     1 |     6 |     4 |       ||    11
Invok: Trog's Hand       |       |     1 |     2 |     2 |     2 ||     7
       Berserk           |       |       |     1 |     8 |     2 ||    11
       Brothers in Arms  |       |       |       |     1 |       ||     1
Evoke: Wand              |       |       |     1 |     2 |       ||     3
  Use: Scroll            |       |       |    13 |    12 |     1 ||    26
       Potion            |       |       |       |     1 |     2 ||     3
Armor: Animal skin       |     4 |       |       |       |       ||     4
       Ring mail         |    15 |     1 |       |       |       ||    16
       Leather armour    |     4 |       |       |       |       ||     4
       Chain mail        |       |    71 |   192 |       |       ||   263
       Scale mail        |       |       |    21 |    40 |       ||    61
       Plate armour      |       |       |       |   207 |   100 ||   307
Dodge: Dodged            |    56 |    69 |   163 |   148 |    51 ||   487
Block: Kite shield       |       |       |       |   216 |    80 ||   296

Table legend: (Time is in decaauts)
 A = Elapsed time spent in this place.
 B = Non-inter-level travel time spent in this place.
 C = Inter-level travel time spent in this place.
 D = Time resting spent in this place.
 E = Time spent auto-exploring this place.
 F = Levels seen in this place.
 G = Mean time per level.
                   A        B        C        D        E       F      G
               +--------+--------+--------+--------+--------+-----+--------+
         Total |  21504 |  20509 |    995 |      0 |  15358 |  17 | 1264.9 |
       Dungeon |  12928 |  12338 |    590 |      0 |   9157 |  10 | 1292.8 |
        Temple |    269 |    253 |     16 |      0 |    231 |   1 |  269.0 |
          Lair |   8305 |   7916 |    389 |      0 |   5970 |   6 | 1384.2 |
               +--------+--------+--------+--------+--------+-----+--------+

Top non-repeatable levels by time:
  Lair:4: 2463 daAuts
     D:7: 2082 daAuts
  Lair:3: 2052 daAuts
     D:5: 1927 daAuts
  Lair:1: 1892 daAuts
     D:8: 1862 daAuts
     D:6: 1770 daAuts
  Lair:2: 1384 daAuts
     D:1: 1349 daAuts
     D:2: 943 daAuts
     D:9: 893 daAuts
     D:3: 861 daAuts
     D:4: 814 daAuts
  Lair:5: 500 daAuts
    D:10: 421 daAuts
